 Dungeon Crawl Stone Soup version 0.27.0-1-g7a089689b8 (webtiles) character file.

Game seed: 16582487812040741926

2184 xormask the Destroyer (level 9, -5/45 HPs)
             Began as a Deep Elf Conjurer on Aug 1, 2021.
             Was an Elder of Jiyva.
             Slain by a yak (13 damage)
             ... on level 8 of the Dungeon.
             The game lasted 00:16:30 (6684 turns).

xormask the Destroyer (Deep Elf Conjurer)           Turns: 6684, Time: 00:16:30

Health: -5/45      AC:  2    Str:  9    XL:     9   Next: 11%
Magic:  7/24       EV: 12    Int: 24    God:    Jiyva [****..]
Gold:   81         SH:  0    Dex:  9    Spells: 9/26 levels left

rFire    . . .     SeeInvis .   (no weapon)
rCold    . . .     Faith    .   (no shield)
rNeg     . . .     Spirit   .   a - +0 robe
rPois    .         Reflect  .   (no helmet)
rElec    .         Harm     .   (no cloak)
rCorr    +         Rampage  .   (no gloves)
Will     .....                  (no boots)
Stlth    ++........             (no amulet)
HPRegen  0.15/turn              (no ring)
MPRegen  0.19/turn              (no ring)

@: sluggish, very slow
A: dopey 1
a: Renounce Religion, Request Jelly, Slimify


You were on level 8 of the Dungeon.
You worshipped Jiyva.
Jiyva was greatly pleased with you.
You visited 2 branches of the dungeon, and saw 9 of its levels.

You collected 171 gold pieces.
You spent 90 gold pieces at shops.

Inventory:

Armour
 a - a +0 robe (worn)
 s - +0 acid dragon scales
Magical Staves
 q - a staff of air
Wands
 h - a wand of polymorph (4)
 l - a wand of flame (17)
 m - a wand of acid (12)
Scrolls
 b - a scroll of summoning {unknown}
 c - 6 scrolls of identify {unknown}
 d - a scroll of enchant armour {unknown}
 e - a scroll of fear {unknown}
 g - 2 scrolls of blinking
 i - a scroll of acquirement {unknown}
 n - a scroll of teleportation {unknown}
Potions
 f - a potion of heal wounds {unknown}
 j - a potion of brilliance {unknown}
 k - a potion of curing {unknown}
 o - a potion of lignification {unknown}
 p - a potion of flight {unknown}
 r - a potion of cancellation {unknown}


   Skills:
 - Level 2.4 Dodging
 - Level 2.4 Stealth
 + Level 9.3 Spellcasting
 * Level 11.3 Conjurations
 + Level 2.3 Air Magic


You had 9 spell levels left.
You knew the following spells:

 Your Spells              Type           Power      Damage    Failure   Level
a - Magic Dart            Conj           100%       1d8       1%          1
b - Searing Ray           Conj           100%       3d7       1%          2
c - Iskenderun's Mystic   Conj/Tloc      38%        2d9       5%          4
d - Dazzling Flash        Conj/Hex       76%        N/A       1%          3
e - Fulminant Prism       Conj/Hex       19%        3d11      5%          4
f - Swiftness             Air            22%        N/A       7%          3

Your spell library contained the following spells:

 Spells                   Type           Power      Damage    Failure   Level
 Shock                    Conj/Air       100%       1d9       1%          1
 Passwall                 Tmut/Erth      9%         N/A       9%          2
 Invisibility             Hex            5%         N/A       100%        6


Dungeon Overview and Level Annotations

Branches:
Dungeon (8/15)             Temple (1/1) D:4
   Lair: D:8-11

Altars:
Fedhas
Hepliaklqana
Kikubaaqudgha
Okawaru
Qazlal
Ru
Sif Muna
Vehumet
Yredelemnul
Jiyva

Shops:
D:4 **?


Innate Abilities, Weirdness & Mutations

You are dopey. (Int -2)


Message History

The gnoll sergeant is knocked back by the mystic blast.
The gnoll sergeant collides with the gnoll!
The mystic blast hits the gnoll.
The gnoll is moderately wounded.
The gnoll is knocked back by the mystic blast.
Found 25 gold pieces.
A yak comes into view.
Casting: Iskenderun's Mystic Blast (dangerous; 5% risk of failure)
Confirm with . or Enter, or press ? or * to list all spells.
Okay, then.
Casting: Iskenderun's Mystic Blast (dangerous; 5% risk of failure)
Confirm with . or Enter, or press ? or * to list all spells.
You feel quick. The gnoll sergeant barely misses you.
The gnoll hits you from afar with a +0 spear.
* * * LOW HITPOINT WARNING * * *
The gnoll closely misses you.
You open the door. 4 yaks come into view.
You start to feel a little slower.
The yak bellows! x3
There is an open door here.
The yak gores you.
* * * LOW HITPOINT WARNING * * *
The yak bellows!
You feel sluggish.
Casting: Swiftness (dangerous; 7% risk of failure)
Confirm with . or Enter, or press ? or * to list all spells.
Aiming: Searing Ray (safe; 1% risk of failure)
Press: ? - help, Shift-Dir - straight line, f - yak
Aim: a yak (90% to hit)
The searing ray hits the yak.
The yak is lightly wounded.
The searing ray hits the yak!
The yak is heavily wounded.
The searing ray hits the yak!!
The yak is heavily wounded. (Press . to maintain the ray.)
The yak gores you!
You die...

###.##.##
##.......#
#.#.##
#.....
##.....##
#.###
...###
##ggY##
#.. #.#.
##Y## ###
# . #.# #
#Y# ##Y##
##.Y.##
#..@..#
##...##
##.## ###


You could see 5 yaks, a gnoll sergeant and a gnoll.

Vanquished Creatures
  Prince Ribbit (D:7)
  A hornet (D:7)
  3 yaks (D:8)
  An acid dragon (D:8)
  A water moccasin (D:7)
  A sky beast (D:7)
  2 ogres
  A centaur (D:6)
  2 phantoms
  A scorpion (D:5)
  A wyvern zombie (D:8)
  A water moccasin zombie (D:6)
  A jelly (D:3)
  An orc priest (D:4)
  A hound (D:4)
  A scorpion zombie (D:5)
  Jessica (D:2)
  2 iguanas
  Terence (D:2)
  4 orc wizards (D:4)
  A killer bee zombie (D:5)
  A hound zombie (D:5)
  9 gnolls
  9 adders
  An ufetubus (D:4)
  2 worms
  A dart slug (D:1)
  9 orcs
  7 endoplasms
  3 giant cockroaches
  7 goblins
  6 hobgoblins
  10 jackals (D:1)
  4 quokkas
  8 ball pythons
  5 bats
  2 frilled lizards (D:1)
  2 kobolds
  2 rats
  A toadstool (D:1)
118 creatures vanquished.

Vanquished Creatures (others)
  A steam dragon (D:7)
  A sky beast (D:6)
  2 kobold brigands
  A scorpion (D:4)
  17 jellies
  A gnoll shaman (D:7)
  2 hounds
  An iguana (D:7)
  2 orc wizards (D:4)
  A gnoll (D:7)
  An adder skeleton (D:4)
  2 dart slugs (D:4)
  An endoplasm (D:4)
  2 orcs
  10 kobolds
  3 toadstools (D:1)
48 creatures vanquished.

Grand Total: 166 creatures vanquished

Notes
Turn   | Place    | Note
-------+----------+-------------------------------------------
     0 | D:1      | xormask the Deep Elf Conjurer began the quest for the Orb.
     0 | D:1      | Reached XP level 1. HP: 10/10 MP: 6/6
   266 | D:1      | Reached XP level 2. HP: 15/15 MP: 6/8
   466 | D:1      | Reached skill level 5 in Conjurations
   672 | D:1      | Reached XP level 3. HP: 19/19 MP: 8/10
  1125 | D:2      | Noticed Jessica
  1130 | D:2      | Killed Jessica
  1149 | D:2      | Learned a level 2 spell: Searing Ray
  1177 | D:2      | Reached XP level 4. HP: 23/24 MP: 3/12
  1286 | D:2      | Learned a level 4 spell: Iskenderun's Mystic Blast
  1290 | D:2      | Learned a level 3 spell: Dazzling Flash
  1414 | D:2      | Noticed Terence
  1422 | D:2      | Killed Terence
  1423 | D:2      | Reached skill level 6 in Conjurations
  1538 | D:2      | Found a blossoming altar of Fedhas.
  2033 | D:3      | Reached XP level 5. HP: 28/28 MP: 7/13
  2417 | D:3      | Found a faded altar of an unknown god.
  2425 | D:3      | Became a worshipper of Jiyva Jubit the Shapeless
  2425 | D:3      | Reached * piety under Jiyva
  2513 | D:3      | Reached skill level 5 in Spellcasting
  2750 | D:4      | Found Doqaod's Magic Scroll Boutique.
  2779 | D:4      | Bought a scroll of blinking for 90 gold pieces
  2822 | D:4      | Found a staircase to the Ecumenical Temple.
  2823 | D:4      | Found an iron altar of Okawaru.
  2831 | Temple   | Entered the Ecumenical Temple
  2849 | D:4      | Reached skill level 7 in Conjurations
  2853 | D:4      | Reached XP level 6. HP: 32/32 MP: 6/16
  2853 | D:4      | Reached ** piety under Jiyva
  2994 | D:4      | Found Biyf's Specific Store.
  2996 | D:4      | Found Gutaly Zecw's General Store.
  3099 | D:4      | Found an ancient bone altar of Kikubaaqudgha.
  3104 | D:4      | Found a shimmering blue altar of Sif Muna.
  3117 | D:4      | Found a radiant altar of Vehumet.
  3121 | D:4      | Got Vehumet's Volume of Confrontation
  3464 | D:4      | Found a stormy altar of Qazlal.
  3464 | D:4      | Found a sacrificial altar of Ru.
  3465 | D:4      | Found a basalt altar of Yredelemnul.
  3627 | D:5      | Entered Level 5 of the Dungeon
  3703 | D:5      | Reached skill level 8 in Conjurations
  3703 | D:5      | Reached XP level 7. HP: 36/36 MP: 12/18
  4324 | D:5      | Found a hazy altar of Hepliaklqana.
  4595 | D:6      | Reached *** piety under Jiyva
  4755 | D:6      | Reached skill level 9 in Conjurations
  4808 | D:6      | Gained mutation: You are dopey. (Int -2) [Jiyva's grace]
  5444 | D:7      | Noticed Prince Ribbit
  5448 | D:7      | Killed Prince Ribbit
  5449 | D:7      | Reached XP level 8. HP: 27/41 MP: 13/21
  5630 | D:7      | Reached skill level 10 in Conjurations
  5724 | D:7      | Learned a level 4 spell: Fulminant Prism
  5871 | D:7      | Noticed a hornet
  5878 | D:7      | Killed a hornet
  6050 | D:7      | Reached **** piety under Jiyva
  6150 | D:7      | Found a blossoming altar of Fedhas.
  6349 | D:7      | Learned a level 3 spell: Swiftness
  6504 | D:8      | Reached skill level 1 in Air Magic
  6506 | D:8      | Reached skill level 11 in Conjurations
  6509 | D:8      | Reached XP level 9. HP: 39/45 MP: 7/24
  6684 | D:8      | Slain by a yak

Illustrated notes

Levels and vault maps discovered:
D:1:      ldierk_water_garden, layout_rooms
D:2:      layout_basic, basic_altar, minmay_domino_2, uniq_terence, uniq_jessica
D:3:      layout_basic, hellmonk_ecumenical_altar_prayer_group
D:4:      layout_rooms, palyth_temple_overflow_mages, okawaru_metal_pillars_1_2,
          gammafunk_temple_overflow_claw, minmay_temple_entry_crystal_x,
          serial_shops, shop, nicolae_specific_store, minmay_misc_feat_rows
D:5:      layout_cave_pools, nicolae_hepliaklqana_hippocampus,
          nrook_mini_backslash, minivault_23
D:6:      lemuel_ice_spiral_2, layout_basic, hex_large, kennysheep_path_1,
          kennysheep_dice
D:7:      layout_cave_pools, fedhas_altar_fruit_tree, uniq_prince_ribbit1
D:8:      layout_loops_corners
Temple:   cyrus_temple_forest

Skill      XL: |  1  2  3  4  5  6  7  8  9 |
---------------+----------------------------+-----
Conjurations   | 5 6 7 8 9 11 | 11.3
Spellcasting   | 4 5 6 7 9 |  9.3
Air Magic      | 1 2 |  2.3
Dodging        | |  2.4
Stealth        | |  2.4

Action                   |  1- 3 |  4- 6 |  7- 9 || total
-------------------------+-------+-------+-------++-------
Melee: Unarmed           |    10 |       |       ||    10
 Cast: Magic Dart        |    72 |    95 |    62 ||   229
       Searing Ray       |       |    13 |    28 ||    41
       Iskenderun's Myst |       |       |     8 ||     8
       Swiftness         |       |       |     1 ||     1
Armor: Robe              |     2 |     3 |     4 ||     9
Dodge: Dodged            |     4 |    10 |    18 ||    32
